 Dungeon Crawl Stone Soup version 0.19-a0-1442-g3b32ff5 (webtiles) character file.

1 Amnesiac the Insei (level 1, -2/13 HPs)
             Began as an Octopode Transmuter on Sept 6, 2016.
             Slain by a gnoll zombie (5 damage)
             ... on level 2 of the Dungeon.
             The game lasted 00:00:16 (173 turns).

Amnesiac the Insei (Octopode Transmuter)             Turns: 173, Time: 00:00:17

Health: -2/13      AC:  1    Str:  9    XL:     1   Next: 20%
Magic:  2/3        EV: 13    Int: 15    God:
Gold:   27         SH:  0    Dex: 12    Spells: 1 memorised, 3 levels left

rFire  . . .     SeeInvis .       - Unarmed
rCold  . . .     Gourm    .     (no shield)
rNeg   . . .     Faith    .     (helmet restricted)
rPois  .         Spirit   .     (no amulet)
rElec  .         Dismiss  .     (no ring)
rCorr  .         Reflect  .     (no ring)
MR     .....     Harm     .     (no ring)
Stlth  ++........               (no ring)
                                (no ring)
                                (no ring)
                                (no ring)
                                (no ring)

@: appendage (expiring)
A: almost no armour, stealthy swim, amphibious, 8 rings, constrict 8, tentacle
spike 3, camouflage 1, gelatinous body 1
a: End Transformation


You were on level 2 of the Dungeon.
You were not hungry.
One of your tentacles had a temporary spike.
You visited 1 branch of the dungeon, and saw 2 of its levels.

You collected 27 gold pieces.

Inventory:

Missiles
 a - 21 arrows
Jewellery
 e - a cursed ring of teleportation {unknown}
Potions
 d - a potion of curing {unknown}
Books
 b - a book of Changes

   Spells                             Type                      Level
   a - Beastly Appendage              Transmutation                1
   b - Sticks to Snakes               Transmutation                2
   c - Spider Form                    Transmutation/Poison         3
   d - Ice Form                       Ice/Transmutation            4
   e - Blade Hands                    Transmutation                5
Comestibles
 c - 2 bread rations
 f - a meat ration
 g - a slice of pizza


   Skills:
 - Level 1.0 Fighting
 - Level 2.0 Dodging
 - Level 3.0 Unarmed Combat
 - Level 2.0 Spellcasting
 + Level 2.1 Transmutations


You had 3 spell levels left.
You knew the following spells:

 Your Spells              Type           Power        Failure   Level  Hunger
e - Beastly Appendage     Tmut           #.....       12%         1    #......


Dungeon Overview and Level Annotations

Branches:
Dungeon (2/15)

Altars:


Innate Abilities, Weirdness & Mutations

You cannot wear most types of armour.
You are very stealthy in the water.
You are amphibious.
You can wear up to eight rings at the same time.
You can use your tentacles to constrict eight enemies at once.
Your skin changes colour to match your surroundings (Stealth+).
Your rubbery body absorbs attacks. (AC +1, EV +1)
One of your tentacles bears a large vicious spike.


Message History

You pierce the gnoll zombie, but do no damage.
The gnoll zombie is almost destroyed.
You constrict the gnoll zombie, but do no damage.
The gnoll zombie barely misses you. The gnoll zombie misses you.
You tentacle-slap the gnoll zombie but do no damage.
You pierce the gnoll zombie.
The gnoll zombie is almost destroyed.
You constrict the gnoll zombie.
You destroy the gnoll zombie!
You tentacle-slap the gnoll zombie. You grab the gnoll zombie.
The gnoll zombie is moderately damaged.
You constrict the gnoll zombie. The gnoll zombie hits you.
* * * LOW HITPOINT WARNING * * *
You are too injured to fight recklessly!
You are too injured to fight recklessly!
You tentacle-slap the gnoll zombie.
You pierce the gnoll zombie.
The gnoll zombie is severely damaged.
Your transformation is almost over.
You constrict the gnoll zombie. The gnoll zombie hits you.
You die...

..####.#
#.#.##.#
#....#.####
###..........
#......#.....
#.###........#
#.#
#..#..##.####.
#.#
#.##..<.......
#@#
#.###.#######.
#...Z.#.....#
#.....#.#####
#.....###
#.....#
#.....#
#.....#
#.....#


You could see a gnoll zombie.

Vanquished Creatures
  A gnoll zombie (D:2)
1 creature vanquished.

Notes
Turn   | Place    | Note
-------+----------+-------------------------------------------
     0 | D:1      | Amnesiac the Octopode Transmuter began the quest for the Orb.
     0 | D:1      | Reached XP level 1. HP: 13/13 MP: 3/3
   173 | D:2      | Slain by a gnoll zombie

Vault maps used:
D:1:      eino_arrival_tree_alley
D:2:      overflow_temple_1_default, lemuel_zombie_altar_yredelemnul,
          uniq_natasha, uniq_sigmund

Action                   || total
-------------------------++-------
Melee: Unarmed           ||     5
       Kick              ||     3
       Constrict         ||     2
       Tentacles         ||     1
 Cast: Beastly Appendage ||     1
Dodge: Dodged            ||     3
